 Dungeon Crawl Stone Soup version 0.28-a0-1212-gc6b4282bc0 (webtiles) character file.

Game seed: 2350077348083029938

82 KyoPewz the Caller (level 4, -2/24 HPs)
             Began as a Tengu Summoner on Dec 21, 2021.
             Killed from afar by Ijyb (26 damage)
             ... with a bolt of acid
             ... on level 3 of the Dungeon.
             The game lasted 00:10:07 (2640 turns).

KyoPewz the Caller (Tengu Summoner)                 Turns: 2640, Time: 00:10:08

Health: -2/24      AC:  2    Str:  8    XL:     4   Next: 43%
Magic:  3/8        EV: 12    Int: 18    God:
Gold:   127        SH:  0    Dex: 14    Spells: 1/7 levels left

rFire   . . .      SeeInvis .   i - +0 short sword {short}
rCold   . . .      Faith    .   (no shield)
rNeg    . . .      Spirit   .   a - +0 robe
rPois   .          Reflect  .   (helmet restricted)
rElec   .          Harm     .   (no cloak)
rCorr   .          Rampage  .   (no gloves)
Will    .....                   (boots unavailable)
Stlth   ++........              (no amulet)
HPRegen 0.08/turn               (no ring)
MPRegen 0.11/turn               (no ring)

@: no status effects
A: beak, talons 3
a: no special abilities


You were on level 3 of the Dungeon.
You visited 1 branch of the dungeon, and saw 3 of its levels.

You collected 127 gold pieces.


Innate Abilities, Weirdness & Mutations

You have a beak for a mouth.
You have claws for feet.


   Skills:
 - Level 2.1 Dodging
 - Level 2.0 Stealth
 - Level 2.0 Spellcasting
 + Level 7.0 Summonings


You had one spell level left.
You knew the following spells:

 Your Spells              Type           Power      Damage    Failure   Level
a - Summon Small Mammal   Summ           100%       N/A       1%          1
b - Call Imp              Summ           27%        N/A       1%          2
c - Call Canine Familiar  Summ           27%        N/A       3%          3

Your spell library contained the following spells:

 Spells                   Type           Power      Damage    Failure   Level
 Animate Skeleton         Necr           2%         N/A       19%         1
 Apportation              Tloc           2%         N/A       19%         1
 Summon Guardian Golem    Hex/Summ       14%        N/A       13%         3
 Summon Lightning Spire   Summ/Air       14%        N/A       38%         4

Inventory:

Hand Weapons
 i - a +0 short sword (weapon) {short}
   (You took it off a kobold on level 1 of the Dungeon)
Missiles
 b - 19 sling bullets
 d - 64 stones {throwing}
 f - 22 bolts
 l - 21 arrows
Armour
 a - a +0 robe (worn)
Wands
 m - a wand of mindburst (6)
   (You found it on level 3 of the Dungeon)
 o - a wand of iceblast (10)
   (You found it on level 3 of the Dungeon)
Scrolls
 c - 2 scrolls of fog {unknown}
 g - a scroll of enchant armour {unknown}
 h - 2 scrolls of noise {unknown}
 n - a scroll of blinking {unknown}
Potions
 e - a potion of flight {unknown}
 j - a potion of curing {unknown}
 k - a potion of attraction {unknown}

Dungeon Overview and Level Annotations

Branches:
Dungeon (3/15)

Altars:
Zin

Annotations:
D:3 Ijyb

########'#####.# #
#..............#
#........#######
#........# #........#
#........# .
#########........####...
#........โ€
)[........[...
#........)######@.ยงg....
#.........# #..rh..g)
#.........# #........
#.........# #........
#.........# ######...
#.........# ##
#.........# #.........#
###########


You could see Ijyb (ally target), a goblin, a friendly hound (summoned) and a
friendly quokka (summoned).


Message History

The adder bites your hound but does no damage.
What are your orders? t - Shout!
Orders for allies: a - Attack new target. r - Retreat! s - Stop attacking. g - Guard the area. f - Follow me.
Anything else - Cancel.
Gang up on whom?
Press: ? - help, Dir - move target, f - adder
Aim: an adder (ally target) Attack!
Your hound bites the adder.
The adder bites your hound.
Your hound looks even sicker.
The adder poisons your hound! The kobold misses your quokka.
Your rat bites the kobold.
Your quokka closely misses the kobold.
Your hound bites the adder.
The adder bites your hound.
Your hound barely misses the adder.
Your quokka completely misses the kobold.
The kobold hits your quokka but does no damage.
Your rat barely misses the kobold.
Your hound barely misses the adder.
The adder closely misses your hound.
Your quokka bites the kobold.
The kobold dies!
Your hound bites the adder.
The adder dies!
Your shadow imp gestures at the goblin.
The goblin writhes in agony.
The goblin dies! ๐Ÿ˜Ž MP[+1]
What are your orders? t - Shout!
Orders for allies: a - Attack new target. r - Retreat! s - Stop attacking. g - Guard the area. f - Follow me.
Anything else - Cancel.
Gang up on whom?
Press: ? - help, Dir - move target, f - worm
Aim: a worm (ally target) Attack!
Your shadow imp barely misses the worm.
The worm bites your quokka!
Your quokka dies!
Your quokka's corpse disappears in a puff of smoke!
Your hound bites the worm.
Your shadow imp gestures at the worm.
The worm writhes in agony!
Your rat bites the worm.
The worm dies!
Your Summonings skill increases to level 7!
You start resting.
Your hound dies!
Your hound's corpse disappears in a puff of smoke!
Your rat disappears in a puff of smoke!
Your shadow imp disappears in a puff of smoke! ๐Ÿ˜Ž MP[+6]
Your mp is fully restored (8).
You now have 117 gold pieces (gained 24).
You see here a +0 robe.
You see here a +0 dagger {short}.
You see here an adder corpse.
You now have 127 gold pieces (gained 10).
Things that are here:
a +0 dagger {short}; a goblin corpse
c - 2 scrolls labelled SEOLIPSIWU (gained 1)
o - a wand of iceblast (10)
Things that are here:
a +0 dagger {short}; a goblin corpse You see here a +0 dagger {short}.
You see here a +0 robe.
Ijyb the Twisted Goblin comes into view.
She is wielding a +0 club and carrying a wand of acid (5).
Ijyb shouts!
Casting: Call Imp (safe; 1% risk of failure)
Confirm with . or Enter, or press ? or * to list all spells.
The spell is quite dangerous to miscast (3% risk of failure)!
Continue anyway? ๐Ÿ˜Ž MP[-3]
You lost 3 mp, and now have 5/8 mp. ๐Ÿ˜Ž MP[-1]
You lost 1 mp, and now have 4/8 mp. ๐Ÿ˜Ž MP[-1]
You lost 1 mp, and now have 3/8 mp.
What are your orders? t - Shout!
Orders for allies: a - Attack new target. r - Retreat! s - Stop attacking. g - Guard the area. f - Follow me.
Anything else - Cancel.
Gang up on whom?
Press: ? - help, Dir - move target, f - Ijyb
Aim: Ijyb, wielding a +0 club, wearing a +0 leather armour and carrying a wand of acid (5) (ally target) Attack!
Your bat barely misses Ijyb.
Your bat closely misses Ijyb.
Your hound barely misses Ijyb.
A goblin comes into view. It is wielding a +0 dagger.
Ijyb hits your bat with a +0 club.
Your bat closely misses Ijyb.
Your bat misses Ijyb. Your hound misses Ijyb.
Your bat closely misses Ijyb.
Your quokka bites Ijyb.
Ijyb zaps a wand.
The bolt of acid hits your bat!! The acid corrodes your bat!
Your bat dies!
Your bat's corpse disappears in a puff of smoke!
The bolt of acid hits you!!
Ouch! That really hurt!
You die...

Skill      XL: |  1  2  3  4 |
---------------+-------------+-----
Summonings     | 5 6 7 |  7.0
Dodging        | |  2.1
Stealth        | |  2.0
Spellcasting   | |  2.0

Action                   |  1- 3 |  4- 6 || total
-------------------------+-------+-------++-------
Melee: Unarmed           |     7 |       ||     7
       Club              |     5 |       ||     5
       Kick              |     5 |     1 ||     6
       Peck              |     2 |       ||     2
       Short sword       |    18 |     2 ||    20
 Cast: Summon Small Mamm |    44 |     9 ||    53
       Call Imp          |     5 |     1 ||     6
       Call Canine Famil |       |     3 ||     3
 Stab: Sleeping          |     1 |     1 ||     2
Armor: Robe              |     8 |     1 ||     9
Dodge: Dodged            |    31 |     6 ||    37

Levels and vault maps discovered:
D:1:      eino_arrival_cavern_d, layout_basic, serial_corexii_hall,
          corexii_hall_statues_x, chequers_hall_statues_y
D:2:      layout_loops_ring, shapermc_ecumenical_altar_mp_vishouse, basic_altar,
          corexii_leaking_fountain, kennysheep_flooded_box
D:3:      layout_basic, cheibrodos_gnoll_hut, uniq_ijyb

Notes
Turn   | Place    | Note
-------+----------+-------------------------------------------
     0 | D:1      | KyoPewz the Tengu Summoner began the quest for the Orb.
     0 | D:1      | Reached XP level 1. HP: 10/10 MP: 4/4
     0 | D:1      | magus.rc [v1.9.6]
   147 | D:1      | Reached skill level 5 in Summonings
   212 | D:1      | You pick up a book of Cantrips and begin reading...
   212 | D:1      | You add the spells Animate Skeleton and Apportation to your
                  | library.
   424 | D:1      | Reached XP level 2. HP: 15/15 MP: 4/6
   427 | D:1      | Learned a level 2 spell: Call Imp
   557 | D:1      | You fall into a shaft and drop 1 floor!
  1452 | D:2      | Reached skill level 6 in Summonings
  1452 | D:2      | Reached XP level 3. HP: 14/19 MP: 4/7
  1610 | D:2      | Found a faded altar of an unknown god.
  1673 | D:2      | Found a glowing silver altar of Zin.
  1849 | D:2      | Reached XP level 4. HP: 22/24 MP: 8/8
  1853 | D:2      | Learned a level 3 spell: Call Canine Familiar
  2555 | D:3      | Reached skill level 7 in Summonings
  2635 | D:3      | Noticed Ijyb
  2640 | D:3      | Killed from afar by Ijyb

Vanquished Creatures
  An endoplasm (D:2)
  3 giant cockroaches
  A hobgoblin (D:1)
  2 ball pythons (D:2)
  2 frilled lizards
  A kobold (D:2)
  2 rats
12 creatures vanquished.

Vanquished Creatures (collateral kills)
  A jelly (D:2)
  An adder (D:3)
  3 worms
  3 bats
  3 goblins
  A hobgoblin (D:3)
  6 kobolds
  2 ball pythons
  3 frilled lizards
  2 rats (D:1)
25 creatures vanquished.

Grand Total: 37 creatures vanquished

Table legend:
 A = Non-vault XP
 B = Vault XP
 C = Vault XP percentage of total XP
 D = Non-vault monster count
 E = Vault monster count
 F = Vault count percentage of total count
                 A         B        C        D         E       F
            +---------+---------+-------+---------+---------+-------
      Total |     118 |       0 |   0.0 |      37 |       0 |   0.0
            +---------+---------+-------+---------+---------+-------
        D:1 |      20 |       0 |   0.0 |      13 |       0 |   0.0
        D:2 |      63 |       0 |   0.0 |      14 |       0 |   0.0
        D:3 |      35 |       0 |   0.0 |      10 |       0 |   0.0
            +---------+---------+-------+---------+---------+-------

Illustrated notes

Table legend:
 A = Kills in this place as a percentage of kills in entire the game.
 B = Kills by you in this place as a percentage of kills by you in the entire game.
 C = Kills by friends in this place as a percentage of kills by friends in the entire game.
 D = Other kills in this place as a percentage of other kills in the entire game.
 E = Experience gained in this place as a percentage of experience gained in the entire game.
 F = Experience gained in this place divided by the number of levels of this place that you have seen.
                   A       B       C       D       E      F
               +-------+-------+-------+-------+-------+----------------------
         Total | 100.0 | 100.0 | 100.0 |   N/A | 100.0 |  39.3
       Dungeon | 100.0 | 100.0 | 100.0 |   N/A | 100.0 |  39.3
               +-------+-------+-------+-------+-------+----------------------

Table legend: (Time is in decaauts)
 A = Elapsed time spent in this place.
 B = Non-inter-level travel time spent in this place.
 C = Inter-level travel time spent in this place.
 D = Time resting spent in this place.
 E = Time spent auto-exploring this place.
 F = Levels seen in this place.
 G = Mean time per level.
                   A        B        C        D        E       F      G
               +--------+--------+--------+--------+--------+-----+--------+
         Total |   2642 |   2582 |     60 |    146 |   1943 |   3 |  880.7 |
       Dungeon |   2642 |   2582 |     60 |    146 |   1943 |   3 |  880.7 |
               +--------+--------+--------+--------+--------+-----+--------+

Top non-repeatable levels by time:
     D:2: 1277 daAuts
     D:1: 1108 daAuts
     D:3: 256 daAuts
